[Event "*** Titled Tuesday Blitz"]
[Site "Chess.com"]
[Date "2020.05.05"]
[Round "7"]
[White "tan275"]
[Black "BillCoe"]
[Result "1/2-1/2"]
[WhiteElo "2178"]
[BlackElo "2020"]
[TimeControl "180+1"]
[EndTime "11:19:55 PDT"]
[Termination "Game drawn by agreement"]

1. d4 f5 2. c4 Nf6 3. g3 e6 4. Bg2 Be7 5. Nf3 O-O 6. O-O d6 7. Nc3 Ne4 8. Qc2 Nxc3 9. bxc3 Bf6 10. e4 fxe4 11. Qxe4 Qe8 12. Bg5 Nd7 13. Rae1 Nb6 14. Qd3 Qg6 15. Qxg6 hxg6 16. Bxf6 gxf6 17. Nd2 f5 18. c5 Na4 19. cxd6 cxd6 20. c4 Rb8 21. Rb1 Nc3 22. Rbe1 Nxa2 23. Ra1 Nc3 24. Rfe1 a6 25. Ra3 Ne4 26. Nxe4 fxe4 27. Bxe4 Kg7 28. Rb1 b5 29. cxb5 axb5 30. Bc6 b4 31. Rab3 Rb6 32. Be4 e5 33. dxe5 dxe5 34. Rxb4 Rbf6 35. R1b2 Bf5 36.
Rb7+ Kh6 37. Bxf5 gxf5 38. Re7 e4 39. Rbb7 Rg8 40. h4 f4 41. Rh7+ Kg6 42. h5+ Kg5 43. Rb5+ Kg4 44. gxf4 Kxf4+ 45. Kf1 e3 46. Rb4+ Kf3 47.
Rb3 Re8 48. Rxe3+ Rxe3 49. fxe3 Kxe3+ 50. Kg2 Kf4 51. Rg7 Rh6 52. Rg6 Rxh5 53. Ra6 Ke4 54. Ra4+ Kd3 55. Rb4 Kc3 56. Ra4 Rg5+ 57. Kf3 Kb3 58. Ra8 Rg7 59. Re8 Rf7+ 60. Ke4 Rc7 1/2-1/2

[Event "*** Titled Tuesday Blitz"]
[Site "Chess.com"]
[Date "2020.05.05"]
[Round "7"]
[White "jfriedel"]
[Black "EugeneRougon"]
[Result "0-1"]
[WhiteElo "2570"]
[BlackElo "2756"]
[TimeControl "180+1"]
[EndTime "11:19:56 PDT"]
[Termination "EugeneRougon won by resignation"]

1. Nf3 d5 2. g3 Bg4 3. Bg2 c6 4. O-O Nd7 5. c4 Bxf3 6. Bxf3 Ne5 7. cxd5 Nxf3+ 8. exf3 Qxd5 9. Nc3 Qd7 10. d4 e6 11.
Re1 Nf6 12. Bg5 Nd5 13. Qb3 Be7 14. Bxe7 Nxe7 15. Ne4 O-O 16. Nc5 Qxd4 17. Nxb7 Rab8 18. Rad1 Qb6 19. Rd7 Nd5 20. Qxb6 axb6 21. Rc1 c5 22. Nd6 Rbd8 23. Rxd8 Rxd8 24. Nc4 f6 25. a4 Kf7 26. Kf1 Ke7 27. Ke2 Kd7 28. Rd1 Kc6 29. f4 Rb8 30.
Ra1 Ra8 31. b3 Kc7 32. Rc1 Nb4 33. Na3 Kc6 34. Rd1 Nd5 35. Nb5 Re8 36. Kf3 h5 37. Re1 Kd7 38. h4 Rc8 39. Rd1 c4 40. Nc3 cxb3 41. Nxd5 exd5 42. Rxd5+ Kc6 43. Rb5 Ra8 44.
Rb4 Kc5 45. Rxb3 Rxa4 46. Re3 b5 47. Re7 b4 48. Rxg7 b3 49. Rc7+ Kb6 50. Rc8 Rb4 51. Rc1 b2 52. Rb1 Kc5 53. g4 Rb3+ 54. Ke4 hxg4 55.
Kf5 Kc4 56. h5 Kc3 57. h6 Kc2 58. Rh1 b1=Q 59. Rxb1 Rxb1 60. Kxf6 Kd3 61. h7 Rh1 62. Kg7 Ke4 63. h8=Q Rxh8 64. Kxh8 Kxf4 65. Kg7 Kf3 0-1

[Event "*** Titled Tuesday Blitz"]
[Site "Chess.com"]
[Date "2020.05.05"]
[Round "7"]
[White "MikhailovViacheslav"]
[Black "Harsha_Bharathakoti"]
[Result "1/2-1/2"]
[WhiteElo "2635"]
[BlackElo "2825"]
[TimeControl "180+1"]
[EndTime "11:19:57 PDT"]
[Termination "Game drawn by repetition"]

1. Nf3 d5 2. g3 Nf6 3. Bg2 c5 4. O-O Nc6 5. d4 e6 6. c4 dxc4 7. dxc5 Qxd1 8. Rxd1 Bxc5 9. Nbd2 c3 10. bxc3 Bd7 11. a4 O-O 12. a5 Rac8 13. Ne1 Rfd8 14. Nd3 Be7 15. Ba3 Rc7 16. Rdb1 Bc8 17. Bxc6 Bxa3 18.
Bxb7 Rxc3 19. Bxc8 Rdxc8 20. Rb7 Bc5 21. Nxc5 R3xc5 22.
Rxa7 Rc2 23. Nb3 Rxe2 24. a6 Rb2 25. Rb7 Nd7 26. a7 Ra8 27. Rxd7 Rxb3 28. Rd8+ Rxd8 29.
a8=Q Rd3 30. Qb7 Rd1+ 31. Rxd1 Rxd1+ 32. Kg2 g6 33. g4 Rd5 34. h4 h5 35. Qb8+ Kg7 36. g5 Rf5 37. Qb2+ Kg8 38. Qc3 Kh7 39. f3 Kg8 40. Kg3 Kh7 41. Qc8 Kg7 42. Qd8 Rd5 43.
Qf6+ Kg8 44. Qe7 Rf5 45. Kf2 Kg7 46. Ke3 Rd5 47. f4 Rf5 48. Qc7 Kg8 49. Ke4 Kg7 50. Qc3+ Kg8 51. Qd4 Kh7 52. Qd8 Kg7 53. Qd7 Kg8 54.
Qd8+ Kg7 55. Qe8 Rd5 56. Qb8 Rf5 57. Qa8 Rd5 58. Qa1+ Kg8 59. Qa8+ Kg7 60. Qb7 Kg8 61. Qc8+ Kg7 62. Qc6 Rf5 63. Qc3+ Kg8 64. Qb2 Rd5 65.
Qf6 Rf5 66. Qd8+ Kg7 1/2-1/2

[Event "*** Titled Tuesday Blitz"]
[Site "Chess.com"]
[Date "2020.05.05"]
[Round "7"]
[White "cukus"]
[Black "abubakrtagelsir"]
[Result "1-0"]
[WhiteElo "2507"]
[BlackElo "2352"]
[TimeControl "180+1"]
[EndTime "11:19:58 PDT"]
[Termination "cukus won on time"]

1. e4 d6 2. d4 Nf6 3. Nc3 g6 4. Be2 Bg7 5. h4 c5 6. d5 h5 7. Nh3 O-O 8. Ng5 a6 9. a4 Nbd7 10. Be3 Rb8 11. f3 Ne5 12. Qd2 b5 13. axb5 axb5 14.
Nxb5 c4 15. Nd4 Rxb2 16. g4 hxg4 17. h5 Nxf3+ 18. Bxf3 gxf3 19. hxg6 fxg6 20. Nde6 Bxe6 21. Nxe6 Qb8 22. Nxg7 Rb1+ 23. Rxb1 Qxb1+ 24. Qc1 Qxc1+ 25. Bxc1 f2+ 26. Kxf2 Nxe4+ 27. Ke3 Ng3 28. Rg1 Nf1+ 29. Ke2 Kxg7 30. Rxf1 Rxf1 31. Kxf1 Kf6 32. Bh6 Ke5 33. Bf8 Kxd5 34. Bxe7 Ke5 35. Ke2 d5 36. Kf3 d4 37. Bf8 g5 38. Bg7+ Kd5 39. Bh6 d3 40. c3 d2 41. Ke2 g4 42. Kxd2 Ke4 43. Ke2 g3 44. Bg7 Kf4 45. Kf1 Kf3 46. Kg1 Kf4 47.
Kg2 Kg4 48. Be5 Kf5 49. Bxg3 Ke4 50. Bf2 Kd3 51. Bd4 Ke4 52. Kg3 Kd3 53. Kf4 1-0

[Event "*** Titled Tuesday Blitz"]
[Site "Chess.com"]
[Date "2020.05.05"]
[Round "7"]
[White "Winehouse83"]
[Black "Ave_Mariia"]
[Result "1-0"]
[WhiteElo "2506"]
[BlackElo "2276"]
[TimeControl "180+1"]
[EndTime "11:19:58 PDT"]
[Termination "Winehouse83 won on time"]

1. d4 Nf6 2. c4 e6 3. Nc3 Bb4 4. Qc2 O-O 5. e4 d6 6. e5 dxe5 7. dxe5 Ng4 8. Nf3 Nc6 9. a3 Bc5 10. Bg5 Nd4 11. O-O-O Qxg5+ 12. Nxg5 Nxc2 13. Kxc2 Nxf2 14. Nge4 Nxd1 15. Nxc5 Nxc3 16. Kxc3 b6 17. Nb3 Bb7 18.
Bd3 Rad8 19. Re1 Rd7 20. Re3 Bxg2 21. c5 f6 22. Nd4 fxe5 23. Nxe6 Rf3 24. Bxh7+ Kh8 25.
Rxf3 Bxf3 26. Bf5 Rf7 27. Bh3 e4 28. Kd4 Rd7+ 29. Ke3 Rd3+ 30. Kf4 Rb3 31. c6 Bh1 32. Nxc7 e3 33. Bg4 Bxc6 34. Ne6 Rxb2 35. Kxe3 Rxh2 36. Nd8 Bb5 37. Nf7+ Kg8 38. Ne5 Kf8 39. Be6 Ra2 40. Bxa2 a5 41. Bc4 Be8 42. Bd3 b5 43. Bc2 Ke7 44. Kd4 Kd6 45. Nd3 Bd7 46. Nf2 Bc6 47. Ng4 Bd7 48. Ne3 Bc6 49. Nf5+ Kc7 50. Nxg7 Kb6 51.
Ne6 a4 52. Kc3 Ka5 53. Nc5 Bd5 54. Nd3 Bc4 55. Nb4 Be6 56. Kd4 Bf7 57. Kc5 Be6 58.
Be4 Bc4 59. Bd3 Bb3 60. Bxb5 1-0

[Event "*** Titled Tuesday Blitz"]
[Site "Chess.com"]
[Date "2020.05.05"]
[Round "7"]
[White "Grineva_Marianna"]
[Black "Cocaino74"]
[Result "0-1"]
[WhiteElo "2154"]
[BlackElo "2347"]
[TimeControl "180+1"]
[EndTime "11:19:58 PDT"]
[Termination "Cocaino74 won on time"]

1. d4 d5 2. c4 e6 3. Nc3 c6 4. cxd5 exd5 5. Qc2 Bd6 6. Nf3 Be6 7. Bg5 Ne7 8. e3 Bf5 9. Qb3 Qb6 10. Be2 Qxb3 11. axb3 f6 12. Bh4 Bc2 13. Kd2 Bxb3 14. Bg3 Nf5 15. Bd3 Bxg3 16. hxg3 Nd6 17. Bxh7 Nc4+ 18. Ke2 Na6 19. g4 Kf7 20. Bd3 Rxh1 21. Rxh1 Nxb2 22. Bxa6 bxa6 23. Rb1 Bc4+ 24. Kd2 Nd3 25. Nd1 a5 26.
Rb7+ Kg6 27. g5 fxg5 28. Rc7 Bb5 29. Nc3 a4 30. Nxb5 Nxf2 31. Rxc6+ Kh5 32. Rc7 Rb8 33. Na3 Rb2+ 34. Kc3 Rb3+ 35. Kc2 Rxa3 36. Rxg7 Ne4 37. Ne5 Kh4 38. Rxa7 Kg3 39. Ra5 Kxg2 40. Rxd5 Rxe3 41. Nc4 Re2+ 42. Kd3 Ng3 43. Rxg5 Ra2 44. Ne3+ Kf3 45. Nc2 Rb2 46. Rg8 Rb3+ 47. Kc4 Ne4 48. Rf8+ Kg4 49. Ra8 Rc3+ 50. Kd5 Nf6+ 51. Ke6 Rc6+ 52. Ke7 Nd5+ 53. Kd7 Rxc2 54. Rxa4 Kf4 55. Ra6 Ke4 56. Re6+ Kxd4 57.
Rd6 Ke5 0-1

[Event "*** Titled Tuesday Blitz"]
[Site "Chess.com"]
[Date "2020.05.05"]
[Round "7"]
[White "AlexTriapishko"]
[Black "eljanov"]
[Result "1-0"]
[WhiteElo "2764"]
[BlackElo "2924"]
[TimeControl "180+1"]
[EndTime "11:19:59 PDT"]
[Termination "AlexTriapishko won on time"]

1. Nf3 d5 2. g3 Bg4 3. Bg2 c6 4.
c4 e6 5. cxd5 Bxf3 6. Bxf3 cxd5 7. O-O Nc6 8. d4 Nf6 9. e3 Be7 10. Nc3 O-O 11. Bd2 Rc8 12. Rc1 a6 13. Na4 Ne4 14. Bxe4 dxe4 15. Qb3 Qd5 16. Qxd5 exd5 17. Nb6 Rcd8 18. f3 f5 19. fxe4 fxe4 20. Rxf8+ Kxf8 21. Rf1+ Bf6 22. Rf5 Ne7 23. Bb4 Kf7 24. Bxe7 Kxe7 25. Rxd5 Ke6 26. Rc5 Rxd4 27. Rc2 Rb4 28. Nc4 b5 29. Nd2 Rxb2 30. Rxb2 Bxb2 31. Nxe4 Kd5 32. Nd2 Bc1 33. e4+ Ke5 34. Nb3 Be3+ 35. Kf1 Kxe4 36. Ke2 Bb6 37. Nd2+ Kd5 38. Kd3 a5 39. g4 Bc7 40. h3 g6 41. Nb3 a4 42. Nd4 b4 43.
Nc2 Bd6 44. Ne3+ Ke5 45. Nc4+ Ke6 46. Nb6 Bc5 47. Nxa4 Be7 48. Ke4 h5 49. Nb6 hxg4 50. hxg4 Kd6 51. Nd5 Bd8 52. Nxb4 Kc5 53. Nd3+ Kd6 54.
Ne5 1-0

[Event "*** Titled Tuesday Blitz"]
[Site "Chess.com"]
[Date "2020.05.05"]
[Round "7"]
[White "kungmongmanh"]
[Black "alexsergeyev"]
[Result "0-1"]
[WhiteElo "2546"]
[BlackElo "2395"]
[TimeControl "180+1"]
[EndTime "11:19:59 PDT"]
[Termination "alexsergeyev won by resignation"]

1. d4 d5 2. c4 c6 3. Nc3 Nf6 4. Nf3 dxc4 5. a4 Bg4 6. h3 Bxf3 7. exf3 e6 8. Bxc4 Bb4 9. O-O O-O 10. Qb3 a5 11.
Na2 Qxd4 12. Be3 Qd6 13. Rfd1 Nd5 14. Nxb4 axb4 15. Rac1 Na6 16. Bxa6 Rxa6 17. Bc5 Qb8 18. Bxf8 Qxf8 19. Rc4 g6 20. Re4 Qa8 21. Ra1 b5 22. a5 c5 23. Qd3 c4 24. Qd4 c3 25. h4 Rxa5 26. Rae1 Ra1 27. h5 gxh5 28. Qe5 Rxe1+ 29. Rxe1 Qd8 30. Ra1 Qf6 31. Qg3+ Qg6 32. Qb8+ Kg7 33. bxc3 bxc3 34. Ra8 Kh6 35. Qe5 c2 36. Rc8 b4 37.
Qb2 Qd3 38. Qc1+ Ne3 39. Rxc2 Qxc2 40. Qxe3+ Kg6 41. f4 b3 42. Qg3+ Kf5 43. Qg5+ Ke4 44. Qe5+ Kd3 45. Qe3+ Kc4 46. Qb6 b2 47. Qc6+ Kd3 48.
Qb5+ Kd2 49. Qa5+ Kc1 50. Qe1+ Qd1 51. Qxd1+ Kxd1 52. Kh2 b1=Q 53. g3 0-1

[Event "*** Titled Tuesday Blitz"]
[Site "Chess.com"]
[Date "2020.05.05"]
[Round "7"]
[White "VojtechPlat"]
[Black "Micki-taryan"]
[Result "0-1"]
[WhiteElo "2791"]
[BlackElo "3072"]
[TimeControl "180+1"]
[EndTime "11:20:00 PDT"]
[Termination "Micki-taryan won by resignation"]

1. e4 c5 2. Nf3 Nc6 3. c3 d6 4.
d4 Qc7 5. d5 Nb8 6. Be3 Bg4 7.
Nbd2 Nd7 8. Qb3 Ngf6 9. a4 g6 10. a5 Bg7 11. Bd3 O-O 12. h3 Bxf3 13. Nxf3 c4 14. Qxc4 Qxc4 15. Bxc4 Nxe4 16. Ke2 Rfc8 17.
Bd3 Nef6 18. c4 b5 19. cxb5 Nxd5 20. Rab1 Nxe3 21. Kxe3 Nc5 22. Bc4 Rab8 23. Nd4 Nd7 24. Nc6 Ne5 25. Bd5 Nxc6 26. Bxc6 a6 27. Kd3 axb5 28.
Rhc1 Rc7 29. Bd5 Ra7 30. b4 e6 31. Bf3 d5 32. Rc6 Bf8 33. Be2 Kg7 34. Kd2 Kf6 35.
Kc3 Ke7 36. Kb3 Kd7 37. Rbc1 Bd6 38. Rb6 Rxb6 39. axb6 Rb7 40. Bxb5+ Ke7 41. Rc6 Be5 42. Ba6 Rb8 43. b7 d4 44. Rc8 Bd6 45. Kc4 e5 46.
Kd3 f5 47. f3 Kd7 48. Bb5+ Ke7 49. Bc6 h5 50. b5 h4 51. Kc4 Ke6 52. Bd5+ Kd7 53.
Bc6+ Ke6 54. Kd3 Ke7 55. Bd5 Kd7 56. Bc6+ Ke6 57. b6 Ke7 58. Bd5 Kd7 59. Bf7 g5 60. Bg6 Ke6 61. Be8 Rxb7 62. Rc6 Kd5 63. Rc1 e4+ 64.
fxe4+ fxe4+ 0-1

[Event "*** Titled Tuesday Blitz"]
[Site "Chess.com"]
[Date "2020.05.05"]
[Round "7"]
[White "dianosky"]
[Black "Fins0905"]
[Result "1-0"]
[WhiteElo "2468"]
[BlackElo "2626"]
[TimeControl "180+1"]
[EndTime "11:20:00 PDT"]
[Termination "dianosky won by resignation"]

1. d4 d5 2. c4 c6 3. Nc3 Nf6 4. Nf3 e6 5. Bg5 Nbd7 6. e3 Qa5 7. Bxf6 Nxf6 8. Qc2 Be7 9. Bd3 O-O 10.
O-O dxc4 11. Bxc4 Rd8 12. Rfd1 Qc7 13. Rac1 b6 14. Bd3 Bb7 15. Ne5 Rac8 16. Ne4 g6 17.
Nxf6+ Bxf6 18. f4 c5 19. Be4 Qb8 20. Qd3 cxd4 21. Rxc8 Qxc8 22. exd4 Be7 23. Qf3 Bxe4 24.
Qxe4 Bd6 25. Kf2 Kg7 26. d5 Bc5+ 27. Kg3 exd5 28. Rxd5 Qb7 29. Rd4 Qxe4 30. Rxe4 Rd2 31. b4 Bf2+ 32. Kf3 Rxa2 33. Rc4 Be1 34. Rc7 Bxb4 35.
Rxf7+ Kg8 36. Rd7 Ra3+ 37. Kg4 Bf8 38. Rd8 Kg7 39. Rb8 Ra4 40. g3 Kg8 41. Nd7 Kf7 42.
Nxf8 Ke7 43. Nxh7 Kd6 44. Kg5 Ra2 45. h4 Rg2 46. g4 Kc5 47. Nf8 b5 48. Nd7+ Kc4 49.
Ne5+ Kc5 50. Nxg6 b4 51. h5 a5 52. h6 a4 53. h7 Rh2 54. Nh4 Rd2 55. h8=Q Rd5+ 56. f5 Kc4 57. Rc8+ Rc5 58. Qg8+ Kb5 59. Rxc5+ Kxc5 60. Nf3 b3 61. Qc8+ Kb4 62. Nd4 a3 63. Nxb3 Kxb3 64. Qa6 1-0

[Event "*** Titled Tuesday Blitz"]
[Site "Chess.com"]
[Date "2020.05.05"]
[Round "7"]
[White "powermove"]
[Black "AlexZambrano"]
[Result "0-1"]
[WhiteElo "1679"]
[BlackElo "2291"]
[TimeControl "180+1"]
[EndTime "11:20:00 PDT"]
[Termination "AlexZambrano won on time"]

1. Nf3 Nf6 2. g3 g6 3. Bg2 d5 4.
O-O Bg7 5. d3 O-O 6. Nbd2 c5 7. e4 dxe4 8. dxe4 Nc6 9. c3 Bg4 10.
Qe2 e5 11. h3 Be6 12. Ng5 Bd7 13. Nc4 Qe7 14. a4 Rfd8 15. Qc2 h6 16. Nf3 b6 17.
Be3 Be6 18. b3 Bxc4 19. bxc4 Na5 20. Nd2 Ne8 21. Rfe1 Nd6 22. Bf1 Qe6 23. Qa2 Kh7 24.
Kh2 f5 25. exf5 Nxf5 26. Bg2 Rac8 27. Bd5 Qf6 28. Ne4 Qf8 29. Rad1 Nd6 30. Nxd6 Rxd6 31.
Qe2 Rcd8 32. Qg4 Qf5 33. Qe2 h5 34. h4 Qd7 35. Bg5 Rf8 36. Be4 Rxd1 37. Qxh5+ Kg8 38.
Bxg6 Rxf2+ 39. Kg1 Rxe1+ 40. Kxf2 Qd1 41. Qh7+ Kf8 42.
Be7+ Kxe7 43. Qxg7+ Kd6 44. Qf8+ Kc7 45. Qe7+ Qd7 46.
Qxd7+ Kxd7 47. Kxe1 Nxc4 48. h5 Ke7 49. g4 Kf6 50.
Be4 Nd6 51. Bd3 Kg5 52. Be2 Ne4 53. c4 Nf6 0-1

[Event "*** Titled Tuesday Blitz"]
[Site "Chess.com"]
[Date "2020.05.05"]
[Round "7"]
[White "Gloomy_Wanderer"]
[Black "MightyGMpretender"]
[Result "1-0"]
[WhiteElo "2783"]
[BlackElo "2575"]
[TimeControl "180+1"]
[EndTime "11:20:02 PDT"]
[Termination "Gloomy_Wanderer won by checkmate"]

1. d4 Nf6 2. Nf3 d5 3. c4 e6 4. g3 dxc4 5. Bg2 Bb4+ 6. Bd2 a5 7. a3 Be7 8. Qa4+ Bd7 9. Qxc4 Bc6 10. O-O O-O 11. Nc3 Nbd7 12. Rac1 a4 13. Qd3 Re8 14. Rfd1 Bxf3 15. Bxf3 c6 16. h4 Nf8 17. Be1 Nd5 18.
Ne4 Nd7 19. Qc2 Bf8 20. Ng5 g6 21. e4 N5f6 22. Bc3 h6 23. Nh3 Bg7 24. Nf4 Qc7 25. Nd3 h5 26. Bb4 Red8 27. e5 Nd5 28. Bxd5 exd5 29.
Nf4 Bh6 30. Nxd5 Qb8 31. Ne7+ Kh7 32. Rb1 Re8 33. e6 Nf8 34. exf7 Rd8 35. Qe4 Qc7 36. Rd3 Qd7 37. Re1 b6 38. d5 c5 39. Bc3 Bg7 40.
d6 Bxc3 41. bxc3 Qb5 42. Rd5 Qb3 43. Rxh5+ Kg7 44. Rd5 Qxc3 45. h5 Qxa3 46. hxg6 Qc3 47. Nf5+ Kf6 48. Qe7+ Kxg6 49. Nh4+ Kh7 50. Rh5+ Kg7 51.
Nf5+ Kg6 52. Qg5+ Kxf7 53. Rh6 Qxe1+ 54. Kg2 Qe4+ 55. Kh2 Qe5 56. Qh5+ Kg8 57. Ne7+ Kg7 58. Qxe5+ Kxh6 59. f4 a3 60. Qg5+ Kh7 61. Qg8+ Kh6 62.
Nf5+ Kh5 63. g4# 1-0

[Event "*** Titled Tuesday Blitz"]
[Site "Chess.com"]
[Date "2020.05.05"]
[Round "7"]
[White "pooh2012"]
[Black "AndrewDGreen"]
[Result "0-1"]
[WhiteElo "2447"]
[BlackElo "2298"]
[TimeControl "180+1"]
[EndTime "11:20:02 PDT"]
[Termination "AndrewDGreen won by resignation"]

1. d4 Nf6 2. a3 g6 3. Nf3 Bg7 4. e3 c5 5. Be2 O-O 6. O-O Nc6 7.
dxc5 Ne4 8. Qd5 Nf6 9. Qd3 b6 10. cxb6 axb6 11. Nc3 d6 12. Nd4 Ne5 13. Qd1 Bb7 14. f4 Nc6 15. Bf3 Qd7 16. Nxc6 Bxc6 17. e4 Qb7 18. Qd3 Rfc8 19. Be3 b5 20. e5 dxe5 21.
fxe5 Nd7 22. e6 fxe6 23. Bg4 Ne5 24. Bxe6+ Kh8 25. Qe2 Rf8 26. Bf4 Nc4 27. Bxc4 bxc4 28. Be5 Qa7+ 29. Kh1 Qc5 30. Bxg7+ Kxg7 31. Rae1 Rxf1+ 32. Rxf1 Rf8 33. Rxf8 Kxf8 34. h3 Qg5 35. Qf2+ Kg8 36. Ne2 Qd2 37. Kg1 Qd1+ 38. Kh2 Qxc2 39. Kg3 Qe4 40. Nf4 Qe5 41. h4 g5 42. Kh2 Qxf4+ 43.
Qxf4 gxf4 44. Kg1 Be4 45. Kf2 Kf7 46. g3 e5 47. gxf4 exf4 48. Ke2 Ke6 49. Kf2 Kd5 50. a4 Bd3 51. a5 c3 52. bxc3 Kc4 53.
Kf3 Kxc3 54. Kxf4 Kb4 55. Kg5 Kxa5 56. h5 Kb5 57. h6 Kc5 58. Kf6 Kd6 59. Kg7 Bg6 60.
Kf6 Kd5 61. Kg5 Ke4 62. Kg4 Ke5 63. Kg5 Ke6 64. Kg4 Kf6 65. Kh4 Kf5 66. Kh3 Kg5 67. Kg3 Kxh6 68. Kh4 Kg7 69. Kh3 Kf6 70. Kg3 h6 71. Kh4 Kg7 72. Kh3 Bf5+ 73. Kg3 Kg6 74. Kh4 Be6 75. Kg3 Kg5 76. Kh2 h5 77. Kg2 h4 78.
Kh2 Kg4 79. Kg2 h3+ 80. Kh2 Kh4 81. Kh1 Kg3 82. Kg1 h2+ 0-1

[Event "*** Titled Tuesday Blitz"]
[Site "Chess.com"]
[Date "2020.05.05"]
[Round "7"]
[White "kleopl"]
[Black "konradrutkowski"]
[Result "1-0"]
[WhiteElo "2450"]
[BlackElo "2198"]
[TimeControl "180+1"]
[EndTime "11:20:04 PDT"]
[Termination "kleopl won by resignation"]

1. c4 Nf6 2. Nc3 g6 3. g3 Bg7 4.
Bg2 O-O 5. e4 d6 6. Nge2 e5 7.
O-O Nc6 8. d3 Nd7 9. h3 Nc5 10.
Rb1 a5 11. b3 f5 12. a3 Bd7 13. b4 axb4 14. axb4 Ne6 15. exf5 gxf5 16. Nd5 Ncd4 17. Nxd4 Nxd4 18. f4 c6 19. Nc3 exf4 20. Bxf4 Qf6 21.
Kh1 Ra3 22. Ne2 Nxe2 23. Qxe2 Re8 24. Qd2 Qd4 25. Rbd1 Rea8 26. Rf3 Ra2 27. Qe3 Qb2 28. Qd2 Qb3 29. Qe3 Re8 30. Qg1 Ree2 31. Bf1 Qxd1 32. Bxe2 Qxg1+ 33. Kxg1 Rxe2 34. Bxd6 Bd4+ 35. Kf1 Rh2 36.
h4 Kf7 37. Rf4 Be3 38. Rf3 Bd2 39. Bc5 Kg6 40. Bg1 Rh1 41. Kg2 Rxg1+ 42. Kxg1 Bxb4 43. Kg2 Bc5 44. Rf1 b5 45. cxb5 cxb5 46. Rc1 Bd4 47. Rc7 Be8 48. Kf3 b4 49. Kf4 Bc3 50. Rb7 Bd2+ 51. Ke5 Bc3+ 52. Kd5 Bd2 53. d4 Kh5 54. Rxh7+ Kg4 55. Rg7+ Kf3 56. Kc4 Bh5 57. Rh7 Bg4 58.
h5 Kxg3 59. h6 f4 60. Rg7 Kh4 61. h7 Bf5 62. h8=Q+ 1-0

[Event "*** Titled Tuesday Blitz"]
[Site "Chess.com"]
[Date "2020.05.05"]
[Round "7"]
[White "ZarinaShafigullina"]
[Black "LiderChessAcademy"]
[Result "0-1"]
[WhiteElo "2251"]
[BlackElo "2462"]
[TimeControl "180+1"]
[EndTime "11:20:05 PDT"]
[Termination "LiderChessAcademy won on time"]

1. d4 Nf6 2. Nf3 d5 3. g3 c5 4. Bg2 cxd4 5. O-O g6 6. Nxd4 Bg7 7. c4 dxc4 8. Qa4+ Nbd7 9. Rd1 O-O 10. Qxc4 Nb6 11.
Qc2 Qe8 12. Nc3 a6 13. a4 e5 14. Nb3 Bf5 15. e4 Bg4 16. f3 Be6 17. Nc5 Rc8 18.
Nxe6 Qxe6 19. a5 Nc4 20. Qb3 Rfd8 21. Rxd8+ Rxd8 22. Bf1 Rc8 23. Qxb7 Bf8 24. Bg5 Ne8 25. Nd5 f6 26. Nxf6+ Nxf6 27. Bxf6 Nd6 28. Qd5 Qxd5 29. exd5 e4 30. Bxa6 Ra8 31. Bf1 exf3 32. Kf2 Ne4+ 33. Kxf3 Nxf6 34. Bc4 Kg7 35. b3 Bc5 36. a6 Nd7 37.
Re1 Kf8 38. Re6 Bd4 39. Ke4 Bg1 40. Rd6 Nc5+ 41. Kf3 Bxh2 42. Rc6 Bg1 43. b4 Na4 44. b5 Nb6 45. Bb3 Bd4 46. d6 Ke8 47.
Rc7 Kd8 48. Rxh7 Nd7 49. Rh6 Rb8 50. Bc4 Rb6 51. Ke4 Rxd6 52. Rh7 Nc5+ 53. Kf3 Nd7 54. Rf7 Ba7 55. Rh7 Kc7 56. Be2 Kd8 57. Bc4 Ne5+ 58.
Ke4 Nxc4 59. Rxa7 Rb6 0-1

[Event "*** Titled Tuesday Blitz"]
[Site "Chess.com"]
[Date "2020.05.05"]
[Round "7"]
[White "Kate1606"]
[Black "Funkmaus"]
[Result "0-1"]
[WhiteElo "2103"]
[BlackElo "2219"]
[TimeControl "180+1"]
[EndTime "11:20:06 PDT"]
[Termination "Funkmaus won by checkmate"]

1. e4 c6 2. d4 d5 3. exd5 cxd5 4. Bd3 Nf6 5. c3 Nc6 6. Bf4 Bg4 7. Qb3 Qd7 8. Nd2 e6 9. Ngf3 Be7 10. Ne5 Qc8 11.
Nxg4 Nxg4 12. Nf3 O-O 13. O-O a6 14. Qc2 Nf6 15. Bg5 h6 16. Bf4 b5 17. h3 Na5 18. g4 Nc4 19. Qe2 Bd6 20. Be5 Bxe5 21. dxe5 Nh7 22. Kh1 Qd8 23. Rg1 Ng5 24. Rg3 Nxf3 25.
Rxf3 Qg5 26. Bxc4 dxc4 27. Re3 Rad8 28. Rf1 Qf4 29. Re4 Qg5 30. f4 Qh4 31. Rd4 Qxh3+ 32.
Kg1 Qg3+ 33. Kh1 Rxd4 34. cxd4 Rd8 35. Rd1 Qh3+ 36. Kg1 Qg3+ 37. Kh1 Qxf4 38. Rf1 Qg3 39. Qe4 Qh3+ 40. Kg1 Qg3+ 41. Kh1 Qd3 42. Qf4 Qg6 43.
Kh2 Rd7 44. Kg3 h5 45. g5 Qh7 46. Rh1 Qd3+ 47. Kh4 Qg6 48. Kg3 Qd3+ 49. Kh4 Qxd4 50.
Rf1 Qxf4+ 51. Rxf4 Rd2 52. Kxh5 Rxb2 53. g6 fxg6+ 54.
Kxg6 Rxa2 55. Rf7 c3 56. Rxg7+ Kf8 57. Rf7+ Ke8 58. Kf6 c2 59. Kxe6 c1=Q 60. Rg7 Qc4+ 61. Kf6 Rf2+ 62. Kg6 Rg2+ 63. Kf6 Rxg7 64. Kxg7 Qe6 65.
Kh7 Qxe5 66. Kg8 Qf5 67. Kh8 Qg5 68. Kh7 Kf7 69. Kh8 Qg7# 0-1

[Event "*** Titled Tuesday Blitz"]
[Site "Chess.com"]
[Date "2020.05.05"]
[Round "7"]
[White "Sanan_Sjugirov"]
[Black "lucliasco"]
[Result "1-0"]
[WhiteElo "2857"]
[BlackElo "2668"]
[TimeControl "180+1"]
[EndTime "11:20:07 PDT"]
[Termination "Sanan_Sjugirov won by resignation"]

1. e4 e5 2. Nf3 d6 3. d4 exd4 4.
Qxd4 Nf6 5. Nc3 Be7 6. Bg5 O-O 7. O-O-O Nc6 8. Qd2 Be6 9. h4 Re8 10. Kb1 Nd7 11.
Bb5 Nb6 12. Nd5 f6 13. Bf4 Bf8 14. h5 Bf7 15. h6 g6 16. Rhe1 Nxd5 17. exd5 Rxe1 18.
Rxe1 Ne5 19. Ba4 b5 20. Bb3 a5 21. a3 b4 22. a4 Nxf3 23. gxf3 Qd7 24. Qd3 Re8 25.
Rxe8 Qxe8 26. Qa6 Qe1+ 27. Ka2 Qxf2 28. Qxa5 g5 29. Qxc7 gxf4 30. a5 Qe2 31. Qb7 Bg6 32. Qc6 Be8 33. Qc8 Bb5 34. Qg4+ Kf7 35. Qf5 Kg8 36. Qxf6 Qe7 37. Qxf4 Qf7 38. Qxb4 Ba6 39. Qg4+ Kh8 40. Qd4+ Kg8 41. Qb6 Qb7 42. Qg1+ Kf7 43. Qg5 Ke8 44. Qe3+ Qe7 45. Ba4+ Kd8 46. Qb6+ Qc7 47.
Qxa6 Bxh6 48. Qa8+ Qc8 49. Qxc8+ Kxc8 50. Be8 Bd2 51. c3 h6 52. Kb3 Kc7 53. Kc4 Be3 54. b4 Ba7 55. Bh5 Be3 56. Kb5 Bd2 57. c4 Kb7 58. c5 Kc7 59. a6 Be3 60. Kc4 Bf2 61.
f4 Be3 62. f5 Bg5 63. cxd6+ Kxd6 64. a7 1-0

[Event "*** Titled Tuesday Blitz"]
[Site "Chess.com"]
[Date "2020.05.05"]
[Round "7"]
[White "Gareth-Bale11"]
[Black "MilanovicDan"]
[Result "0-1"]
[WhiteElo "2730"]
[BlackElo "2523"]
[TimeControl "180+1"]
[EndTime "11:20:09 PDT"]
[Termination "MilanovicDan won by checkmate"]

1. Nf3 Nf6 2. c4 c5 3. Nc3 b6 4. e4 d6 5. d4 cxd4 6. Nxd4 e6 7. Be2 Bb7 8. f3 a6 9. O-O Be7 10. Be3 O-O 11. Qd2 Qc7 12. Rac1 Nbd7 13. Rfd1 Rac8 14. Bf1 Qb8 15. Qf2 Bd8 16. Kh1 Bc7 17. Qg1 Kh8 18. b4 Rg8 19. Na4 g5 20. c5 dxc5 21. bxc5 bxc5 22. Nxc5 Nxc5 23. Rxc5 Be5 24. Nb3 g4 25. Rxc8 Bxc8 26. Nd4 Bb7 27. Rb1 Qc7 28. f4 Bxf4 29. Rxb7 Qxb7 30. Bxf4 Qxe4 31. Bc1 Rd8 32. Bb2 e5 33.
Nb3 Rd1 34. Qf2 Kg7 35. Nc5 Qb1 36. Kg1 Rxf1+ 37. Qxf1 Qxb2 38. Qf2 Qd4 39. Qxd4 exd4 40. Kf2 a5 41. Ke2 Nd5 42. g3 Kf6 43. Kd3 Nb4+ 44. Kxd4 Nxa2 45. Ne4+ Kf5 46. Nd6+ Ke6 47. Nc4 a4 48.
Ne3 h5 49. Kc4 Ke5 50. Ng2 Ke4 51. Nh4 f5 52. Kb5 Nc3+ 53. Kb4 Nd1 54. Kxa4 Ne3 55. Ng6 Nf1 56. Nf4 h4 57. Nh5 hxg3 58. hxg3 Kf3 59. Kb4 Nxg3 60. Ng7 f4 61. Kc4 Ne2 62. Kd3 g3 63. Ne6 g2 64. Ng5+ Kg4 65. Kxe2 Kxg5 66. Kf2 f3 67. Kg1 Kg4 68. Kf2 Kf4 69. Kg1 Ke3 70.
Kh2 Kf2 71. Kh3 g1=Q 72. Kh4 Qg6 73. Kh3 Qg3# 0-1

[Event "*** Titled Tuesday Blitz"]
[Site "Chess.com"]
[Date "2020.05.05"]
[Round "7"]
[White "124chess"]
[Black "serhanberat_ozdemir"]
[Result "0-1"]
[WhiteElo "2717"]
[BlackElo "2511"]
[TimeControl "180+1"]
[EndTime "11:20:09 PDT"]
[Termination "serhanberat_ozdemir won on time"]

1. f4 e5 2. fxe5 d6 3. Nf3 Nc6 4. e4 dxe5 5. Bc4 Nf6 6. O-O Bc5+ 7. Kh1 a6 8. d3 Qe7 9. Nc3 Be6 10. Nd5 Qd6 11.
Nxf6+ gxf6 12. Bxe6 fxe6 13. a3 O-O-O 14. b4 Ba7 15. Bd2 h5 16. Rb1 Rdg8 17. a4 Nd4 18. Nxd4 Bxd4 19. b5 axb5 20. axb5 Rg6 21. Bb4 Bc5 22.
Bxc5 Qxc5 23. Ra1 Kd7 24. c4 h4 25. Ra2 h3 26. g3 Rhg8 27. Raf2 Qe3 28. Qf3 Qxf3+ 29. Rxf3 Ra8 30. g4 Ke7 31. Rxh3 Rxg4 32. Rh6 Kd6 33. Rhxf6 Ra2 34. R6f2 Ra4 35. h3 Rg3 36.
Rf3 Rg7 37. Kh2 Ra2+ 38. R1f2 Ra3 39. h4 Ke7 40. Kh3 Rh7 41. Rg3 Kd6 42. Rff3 Ra1 43.
Rg2 Rh1+ 44. Rh2 Rxh2+ 45. Kxh2 Rxh4+ 46. Kg3 Rh1 47. Kf2 Rh7 48. Ke3 c6 49. b6 Kc5 50.
Rf6 Kxb6 51. Rxe6 Rh5 52. Re7 Rh3+ 53. Kd2 Rh5 54. Kc3 Rg5 55. Rf7 Rh5 56. Rf5 Rxf5 57.
exf5 Kc5 0-1